 Dungeon Crawl Stone Soup version 0.24.0-37-gcf1ca852f1 (webtiles) character file.

Game seed: 3186759238390355505, levelgen mode: deterministic

173 Peloso the Shield-Bearer (level 5, 0/47 HPs)
             Began as a Minotaur Fighter on Nov 30, 2019.
             Slain by an orc wizard
             ... wielding a +0 dagger
              (1 damage)
             ... on level 3 of the Dungeon.
             The game lasted 00:03:20 (1028 turns).

Peloso the Shield-Bearer (Minotaur Fighter)         Turns: 1028, Time: 00:03:21

Health: 0/47       AC: 11    Str: 26    XL:     5   Next: 28%
Magic:  4/4        EV:  5    Int:  5    God:
Gold:   113        SH: 10    Dex: 10    Spells: 4/4 levels left

rFire    . . .     SeeInvis .   a - +0 long sword
rCold    . . .     Gourm    .   c - +0 shield
rNeg     . . .     Faith    .   h - +0 plate armour
rPois    +         Spirit   .   (helmet restricted)
rElec    .         Reflect  .   (no cloak)
rCorr    .         Harm     .   (no gloves)
MR       .....                  (no boots)
Stlth    ..........             (no amulet)
HPRegen  0.15/turn              e - +2 ring of slaying
MPRegen  0.09/turn              j - ring of poison resistance

@: mighty
A: retaliatory headbutt, horns 2
a: no special abilities


You were on level 3 of the Dungeon.
You were hungry.

You visited 1 branch of the dungeon, and saw 3 of its levels.

You collected 113 gold pieces.

Inventory:

Hand Weapons
 a - a +0 long sword (weapon)
Armour
 b - a +0 scale mail
 c - a +0 shield (worn)
 h - a +0 plate armour (worn)
Jewellery
 e - a +2 ring of slaying (left hand)
 j - a ring of poison resistance (right hand)
Scrolls
 g - a scroll of immolation {unknown}
 i - 2 scrolls of identify {unknown}
 k - a scroll of random uselessness {unknown}
 l - a scroll of teleportation {unknown}
 m - 3 scrolls of amnesia {unknown}
 n - a scroll of magic mapping {unknown}
 o - a scroll of remove curse {unknown}
Potions
 p - a potion of flight {unknown}
 r - a potion of haste {unknown}
Comestibles
 f - 2 rations
 q - 3 chunks of flesh


   Skills:
 + Level 4.4 Fighting
 + Level 4.4 Long Blades
 + Level 4.2 Armour
 + Level 0.7 Dodging
 + Level 5.0 Shields


You had 4 spell levels left.
You didn't know any spells.
Your spell library was empty.

Dungeon Overview and Level Annotations

Branches:
Dungeon (3/15)

Altars:
Cheibriados
Elyvilon


Innate Abilities, Weirdness & Mutations

You reflexively headbutt those who attack you in melee.
You have a pair of horns on your head.


Message History

You block the iguana's attack. You block the orc's attack.
The orc hits you but does no damage. x2
The orc priest mumbles some strange prayers to Beogh against you.
Beogh smites you!
* * * LOW HITPOINT WARNING * * *
Your plate armour prevents you from hitting the iguana.
You headbutt the iguana.
You kill the iguana!
Your Shields skill increases to level 5!
The orc wizard points at you and mumbles some strange words.
You block the puff of frost. The orc completely misses you.
You block the orc wizard's attack. The orc hits you but does no damage. x2
You slash the orc!
You kill the orc!
The orc wizard hits you with a +0 dagger.
* * * LOW HITPOINT WARNING * * *
You block the orc's attack. The orc hits you.
* * * LOW HITPOINT WARNING * * *
The orc wizard hits you with a +0 dagger.
You die...

.. ### .# ..
..##.###. .#
#.#...... .
..#.#...... ..
.#.#...... .o
......... #.
#.o...... ..
#@o.#.#
#.###.###)o.#.#
#....o.).o..#.# #
##
#####.o.)..##.##.#
.. #............#
.#
......#..##.####
.# #....#.#.....#
.#..#
######.#.##..#
.#..# #.#.##..#


You could see an orc priest, an orc wizard and 2 orcs.

Vanquished Creatures
  An iguana (D:3)
  4 gnolls (D:2)
  2 adders
  A worm (D:3)
  A dart slug (D:1)
  2 leopard geckos
  7 orcs (D:3)
  2 giant cockroaches
  4 hobgoblins
  11 jackals
  3 ball pythons
  6 bats
  2 frilled lizards
  11 goblins
  9 kobolds
  8 rats
74 creatures vanquished.

Notes
Turn   | Place    | Note
-------+----------+-------------------------------------------
     0 | D:1      | Peloso the Minotaur Fighter began the quest for the Orb.
     0 | D:1      | Reached XP level 1. HP: 19/19 MP: 0/0
    67 | D:1      | Reached XP level 2. HP: 26/27 MP: 1/1
    69 | D:1      | Found a white marble altar of Elyvilon.
    81 | D:1      | Reached skill level 4 in Shields
   461 | D:2      | Reached XP level 3. HP: 31/33 MP: 2/2
   789 | D:2      | Reached XP level 4. HP: 40/40 MP: 3/3
   984 | D:3      | Found a snail-covered altar of Cheibriados.
  1000 | D:3      | Reached XP level 5. HP: 37/47 MP: 4/4
  1027 | D:3      | Reached skill level 5 in Shields
  1028 | D:3      | HP: 1/47 [orc (4)]
  1028 | D:3      | Slain by an orc wizard

Levels and vault maps discovered:
D:1:      wander_arrival_desolate, layout_rooms, minmay_hexomino_r4
D:2:      lemuel_upstairs_altar, layout_rooms
D:3:      layout_loops_ring, nicolae_overflow_crystal_walls,
          cheibriados_altar_1, first_ration, portal_sewer_entry_c,
          nicolae_dithmenos_shadow_blocks

Skill      XL: |  1  2  3  4  5 |
---------------+----------------+-----
Shields        | 4 5 |  5.0
Fighting       | 4 |  4.4
Armour         | 4 |  4.2
Long Blades    | 3 4 |  4.4
Dodging        | |  0.7

Action                   |  1- 3 |  4- 6 || total
-------------------------+-------+-------++-------
Melee: Long sword        |    94 |    56 ||   150
       Headbutt          |    11 |     9 ||    20
  Use: Potion            |     4 |     1 ||     5
Armor: Scale mail        |    22 |       ||    22
       Plate armour      |    55 |    61 ||   116
Dodge: Dodged            |    33 |     9 ||    42
Block: Shield            |    80 |    49 ||   129
       Rpst.: Long sword |     4 |     2 ||     6
